 Dungeon Crawl Stone Soup version 0.21.0-8-gf18e19db4a (webtiles) character file.

157 Hat the Chopper (level 5, 0/49 HPs)
             Began as a Deep Dwarf Berserker on Jan 17, 2018.
             Was a Believer of Trog.
             Slain by an ooze (2 damage)
             ... on level 3 of the Dungeon.
             The game lasted 00:18:51 (2156 turns).

Hat the Chopper (Deep Dwarf Berserker)              Turns: 2156, Time: 00:18:51

Health: 0/49       AC: 10    Str: 20 (21) XL:     5   Next: 15%
Magic:  0/5        EV:  6    Int:  8      God:    Trog [**....]
Gold:   186        SH:  8    Dex: 11 (12) Spells: 4/4 levels left

rFire    . . .     SeeInvis .   k - +1 war axe
rCold    . . .     Gourm    .   g - +0 shield
rNeg     . . .     Faith    .   i - +0 chain mail
rPois    .         Spirit   +   n - +0 helmet
rElec    .         Reflect  .   e - scarf {Spirit}
rCorr    .         Harm     .   (no gloves)
MR       .....                  (no boots)
Stlth    ..........             (no amulet)
HPRegen  0.00/turn              (no ring)
MPRegen  0.09/turn              (no ring)

@: non-regenerating
A: damage resistance, heal wounds, sense surroundings 1, no regeneration
a: Heal Wounds, Berserk, Trog's Hand, Burn Spellbooks, Renounce Religion


You were on level 3 of the Dungeon.
You worshipped Trog.
Trog was pleased with you.
You were not hungry.

You visited 1 branch of the dungeon, and saw 3 of its levels.

You collected 186 gold pieces.

Inventory:

Hand Weapons
 a - a +0 hand axe
 k - a +1 war axe (weapon)
Armour
 b - a +0 animal skin
 e - a scarf of spirit shield (worn)
 g - a +0 shield (worn)
 i - a +0 chain mail (worn)
 n - a +0 helmet (worn)
Scrolls
 d - 2 scrolls of teleportation
 l - a scroll of noise
 o - 2 scrolls of identify
 q - a scroll of remove curse {unknown}
Potions
 f - a potion of agility
 j - a potion of flight
 m - a potion of degeneration
Comestibles
 c - 5 rations
 p - 3 chunks of flesh


   Skills:
 + Level 3.3 Fighting
 + Level 4.8 Axes
 + Level 3.3 Armour
 + Level 2.9 Dodging
 + Level 0.5 Stealth
 + Level 1.1 Shields


You had 4 spell levels left.
You didn't know any spells.

Dungeon Overview and Level Annotations

Branches:
Dungeon (3/15)

Altars:
Okawaru


Innate Abilities, Weirdness & Mutations

You are resistant to damage.
You can heal yourself by infusing magical energy.
You passively map a small area around you.
You do not regenerate.


Message History

Found a ration.
You hit the hobgoblin.
The hobgoblin is heavily wounded.
You block the hobgoblin's attack.
You closely miss the hobgoblin.
The hobgoblin is heavily wounded.
The hobgoblin barely misses you.
You hit the hobgoblin.
You kill the hobgoblin!
Trog accepts your kill.
You see here a club.
Some of the chunks of flesh in your inventory have rotted away.
You see here a hand axe.
c - 5 rations (gained 1)
An ooze comes into view.
The ooze quivers.
You slash the ooze!
The ooze is severely wounded.
The ooze hits you.
You die...

#.).########.....#
#...# ###.######
#...#
#.......#######
#...#
##)####.##..... **
#...# ###
#.##.#### ,
##.###########
#.##.# ,*
##............#
#....#
#.)...##..#.#.#
######
#...#.##..#@#,
#...........J.#
#)..#>##..##..#
*#...#.##..# ..# *
#.............# *
* ###.########.##
, ,..., .# **
,.... .# ...#


You could see an ooze.

Vanquished Creatures
  Jessica (D:2)
  Natasha (D:3)
  Robin (D:2)
  4 adders
  A dart slug (D:1)
  2 leopard geckos
  2 bats
  3 giant cockroaches
  11 goblins
  5 hobgoblins
  3 jackals (D:3)
  2 quokkas
  5 frilled lizards
  5 kobolds
  8 rats
54 creatures vanquished.

Notes
Turn   | Place    | Note
-------+----------+-------------------------------------------
     0 | D:1      | Hat the Deep Dwarf Berserker began the quest for the Orb.
     0 | D:1      | Reached XP level 1. HP: 20/20 MP: 1/1
   143 | D:1      | Reached XP level 2. HP: 13/27 MP: 2/2
  1252 | D:2      | Reached skill level 4 in Axes
  1252 | D:2      | Reached XP level 3. HP: 8/34 MP: 0/3
  1530 | D:2      | Noticed Robin
  1537 | D:2      | Reached ** piety under Trog
  1565 | D:2      | Killed Robin
  1604 | D:2      | Reached XP level 4. HP: 15/42 MP: 0/4
  1686 | D:2      | Found an iron altar of Okawaru.
  1777 | D:2      | Noticed Jessica
  1781 | D:2      | Killed Jessica
  1912 | D:3      | Noticed Natasha
  1940 | D:3      | Killed Natasha
  1940 | D:3      | Reached skill level 1 in Shields
  1940 | D:3      | Reached XP level 5. HP: 5/49 MP: 0/5
  2071 | D:3      | HP: 2/49 [frilled lizard (1)]
  2156 | D:3      | Slain by an ooze

Skill      XL: |  1  2  3  4 |
---------------+-------------+-----
Fighting       | 3 |  3.3
Axes           | 4 |  4.8
Armour         | 3 |  3.3
Shields        | 1 |  1.1
Dodging        | |  2.9
Stealth        | |  0.5

Action                   |  1- 3 |  4- 6 || total
-------------------------+-------+-------++-------
Melee: Hand axe          |    93 |       ||    93
       War axe           |    25 |    92 ||   117
  Use: Scroll            |     5 |     1 ||     6
       Potion            |     4 |       ||     4
 Stab: Sleeping          |     1 |       ||     1
  Eat: Chunk             |     2 |     2 ||     4
Armor: Animal skin       |     4 |       ||     4
       Chain mail        |    39 |    49 ||    88
       Ring mail         |    11 |       ||    11
Dodge: Dodged            |    45 |    30 ||    75
Block: Shield            |    20 |    44 ||    64
